Map: Kairos Junction LE

Players

Bundaberg - Winner!

  • Race: Zerg Zerg
  • League: Master
  • Spawn Location: 11:00

FuManChu

  • Race: Terran Terran
  • League: Master
  • Spawn Location: 5:00

VOD

Have the link to the VOD?

Description

Time

  • Played on: Feb. 9, 2019, 6:42 a.m.
  • Length: 13:00
Show
View Real Time Build Order
Export as new Build Order

Bundaberg Zerg - Winner!

Build Orders: Pool First, Muta Ling Bane 

Get SALT Encoding   

  12  0:01  Drone  
  13  0:12  Overlord  
  13  0:19  Drone  
  14  0:32  Drone x2  
  16  0:36  Drone  
  17  0:47  Spawning Pool  
  17  0:50  Drone  
  17  0:57  Drone  
  18  1:12  Hatchery  
  18  1:13  Extractor  
  18  1:16  Drone  
  17  1:19  Drone  
  18  1:29  Drone  
  19  1:40  Roach Warren, Zergling x2  
  19  1:45  Queen  
  21  1:50  Drone  
  22  2:01  Overlord  
  22  2:21  Queen  
  24  2:23  Queen  
  24  2:26  Roach x2  
  24  2:29  Roach  
  31  2:53  Overlord  
  31  2:55  Drone x4  
  35  3:03  Lair  
  35  3:07  Drone  
  36  3:16  Drone  
  36  3:17  Drone x4  
  41  3:30  Overlord  
  41  3:31  Drone x3  
  44  3:40  Overlord  
  44  3:49  Drone  
  44  3:50  Drone x6  
  51  4:00  Overlord  
  51  4:10  Extractor  
  51  4:12  Extractor x2  
  51  4:14  Spire  
  45  4:19  Drone x3  
  45  4:20  Drone x5  
  53  4:30  Queen x2  
  53  4:33  Overseer  
  53  4:43  Hatchery  
  52  4:50  Drone  
  52  4:51  Drone x3  
  56  4:55  Spore Crawler  
  56  4:58  Overlord  
  55  5:22  Overlord  
  55  5:32  Mutalisk  
  55  5:33  Mutalisk x4  
  55  5:35  Mutalisk  
  65  5:37  Drone  
  65  5:39  Overlord x3  
  68  5:44  Evolution Chamber  
  68  5:47  Evolution Chamber  
  66  5:51  Overlord  
  66  6:00  Drone x8  
  66  6:02  Queen  
  76  6:09  Roach x2  
  80  6:22  Zerg Melee Weapons Level 1, Zerg Ground Armor Level 1  
  80  6:23  Roach x5  
  80  6:24  Roach  
  92  6:29  Overlord x2  
  92  6:50  Drone  
  92  6:51  Drone x7  
  98  7:01  Metabolic Boost  
  98  7:05  Baneling Nest  
  95  7:10  Drone  
  95  7:11  Drone  
  97  7:24  Hatchery  
  97  7:28  Extractor  
  97  7:29  Extractor  
  94  7:30  Drone x2  
  94  7:31  Drone x3  
  94  7:32  Drone x3  
  94  7:33  Overlord  
  94  7:34  Overlord x5  
  94  7:36  Zerg Flyer Weapons Level 1  
  102  7:38  Hatchery  
  102  7:40  Drone x2  
  102  7:42  Queen  
  105  7:50  Zergling x10  
  105  7:51  Zergling x2  
  111  8:04  Zergling x18  
  120  8:07  Centrifical Hooks  
  120  8:22  Zergling x8  
  120  8:23  Zergling x4  
  126  8:36  Overlord x4  
  126  8:40  Zergling x2  
  126  8:41  Zergling x10  
  132  8:46  Ravager x2  
  132  8:47  Ravager x6  
  132  8:48  Baneling x3  
  140  8:49  Baneling x6  
  140  8:51  Infestation Pit  
  133  9:24  Zergling x6  
  133  9:25  Zergling x36  
  133  9:28  Zerg Ground Armor Level 2, Zerg Melee Weapons Level 2  
  150  9:39  Zerg Flyer Weapons Level 2  
  150  9:42  Hive  
  150  9:45  Corruptor x6  
  162  9:58  Drone x13  
  175  10:25  Extractor  
  174  10:28  Extractor  
  174  10:31  Burrow  
  174  10:32  Pneumatized Carapace  
  174  10:34  Zergling x12  
  174  10:35  Zergling x34  
  196  10:47  Baneling  
  196  10:48  Baneling x15  
  196  10:59  Zergling x12  
  198  11:22  Adrenal Glands  
  198  11:31  Hatchery  
  171  11:41  Zergling x8  
  171  11:42  Zergling x48  
  179  11:53  Zergling x2  
  179  11:54  Zergling x18  
  162  12:05  Queen  
  158  12:11  Ultralisk Cavern  
  157  12:17  Corruptor  
  157  12:18  Corruptor x2  
  161  12:28  Hatchery  
Show
View Real Time Build Order
Export as new Build Order

FuManChu Terran 

Build Orders: Gas First Reaper Expand 

Get SALT Encoding   

  12  0:00  SCV  
  13  0:13  SCV  
  14  0:17  Supply Depot  
  14  0:25  SCV  
  15  0:29  Refinery  
  15  0:39  SCV  
  16  0:45  Barracks  
  16  0:51  SCV  
  17  1:03  SCV  
  18  1:15  SCV  
  19  1:38  Orbital Command, Reaper  
  20  1:47  Command Center  
  20  2:01  Factory  
  20  2:04  SCV  
  21  2:10  Barracks Reactor  
  21  2:16  SCV  
  21  2:17  Supply Depot  
  22  2:28  SCV  
  23  2:40  SCV  
  24  2:48  Starport  
  24  2:52  Refinery, SCV  
  24  2:56  Hellion x2  
  29  2:59  Orbital Command  
  29  3:08  SCV  
  29  3:10  Barracks Tech Lab  
  29  3:20  Bunker  
  29  3:21  Widow Mine x2  
  32  3:35  Banshee  
  32  3:38  SCV, Orbital Command  
  35  3:57  SCV  
  36  4:05  Barracks, SCV  
  37  4:10  Factory Tech Lab  
  37  4:19  SCV x2  
  37  4:31  SCV x2  
  39  4:43  SCV  
  39  4:44  SCV  
  41  4:49  Viking  
  41  4:50  Stimpack, Marine  
  44  4:55  Supply Depot  
  44  4:57  Supply Depot  
  44  4:58  SCV x2  
  46  5:00  Supply Depot  
  46  5:06  Command Center  
  46  5:11  Supply Depot  
  46  5:12  Supply Depot  
  46  5:17  Marine x2, Siege Tank  
  46  5:20  SCV x2  
  53  5:29  Medivac x2  
  57  5:35  Barracks  
  57  5:39  Factory  
  57  5:48  SCV x2  
  59  5:50  Refinery  
  59  5:55  Siege Tank  
  59  5:56  Refinery  
  62  6:00  SCV  
  63  6:07  SCV  
  63  6:09  Marauder  
  63  6:11  Barracks Reactor  
  66  6:14  Engineering Bay  
  66  6:17  Engineering Bay  
  66  6:19  Supply Depot  
  66  6:24  Orbital Command  
  64  6:27  Marine  
  64  6:30  Marine  
  57  6:43  Factory Reactor  
  57  6:45  Marine  
  55  6:48  Marine  
  49  7:03  Marine  
  49  7:05  Marine x3  
  49  7:21  Marine  
  49  7:23  Marine x3, SCV x2  
  49  7:24  Missile Turret  
  49  7:25  Missile Turret  
  54  7:35  Terran Infantry Weapons Level 1, SCV  
  54  7:36  SCV  
  56  7:39  Marine  
  56  7:41  Marine  
  56  7:42  Missile Turret  
  58  7:48  SCV x2  
  60  7:54  SCV  
  60  7:56  Armory, Widow Mine  
  62  8:00  SCV  
  62  8:02  SCV  
  64  8:06  SCV  
  64  8:10  Marine  
  64  8:11  Combat Shield, Marine x2  
  64  8:12  SCV  
  69  8:14  SCV  
  69  8:19  SCV  
  71  8:24  SCV  
  72  8:39  SCV x3  
  75  8:43  Missile Turret  
  75  8:49  Terran Infantry Armor Level 1  
  75  8:50  Marine  
  75  8:51  Marine x3, SCV x3  
  75  8:52  Widow Mine x2  
  86  8:56  Medivac  
  86  8:57  Medivac  
  86  9:01  Thor  
  96  9:03  SCV x2  
  96  9:04  SCV  
  96  9:08  Marine x3  
  102  9:15  SCV  
  97  9:25  Marine  
  97  9:26  Widow Mine x2, Marine x2  
  102  9:33  Orbital Command  
  102  9:36  SCV x2  
  95  9:45  Siege Tank  
  95  9:46  Marine, Medivac  
  95  9:47  Marine x3  
  95  9:48  Widow Mine x2  
  105  10:00  Command Center  
  105  10:02  Supply Depot  
  105  10:03  Supply Depot  
  105  10:04  Marine x2  
  105  10:05  Marine  
  105  10:06  SCV, Supply Depot  
  109  10:20  Missile Turret  
  109  10:24  Marine x3, Siege Tank, Barracks Reactor, SCV x2  
  109  10:25  Widow Mine, SCV  
  109  10:26  Missile Turret  
  120  10:28  Supply Depot  
  120  10:35  Supply Depot  
  120  10:43  Command Center  
  120  10:44  SCV x3  
  120  10:48  Refinery  
  123  10:52  Refinery  
  123  10:56  SCV  
  124  11:10  SCV x3  
  126  11:22  SCV x2  
  128  11:29  Marine x5  
  128  11:30  Siege Tank  
  117  11:46  Marine  
  117  11:47  Marine x4  
  59  12:02  Siege Tank, Orbital Command, SCV  
  59  12:03  SCV x3  
  59  12:04  Marine x2  
  59  12:05  Marine x2, Marauder  
  60  12:14  SCV  
  60  12:15  SCV x3  
  64  12:22  Marine x2  
  61  12:27  Marauder, SCV x3  
  61  12:29  Bunker  
  63  12:31  Bunker  
Tags
 
Add a new tag
Caveats
  • Supply blocks, unpowered buildings, or Contaminate may cause inaccurate times.
  • Supply counts are checked every 10 seconds.